 Dungeon Crawl Stone Soup version 0.31-a0-986-g5e6e4ef867 (webtiles) character file.

Game seed: 12826616436507156188

403 Curundu the Trooper (level 6, -2/79 HPs)
             Began as a Draconian Berserker on Nov 18, 2023.
             Was a Priest of Trog.
             Slain by a hornet (9 damage)
             ... on level 5 of the Dungeon.
             The game lasted 00:25:41 (3436 turns).

Curundu the Trooper (Draconian Berserker)           Turns: 3436, Time: 00:25:44

Health: -2/79      AC: 23    Str: 19    XL:     6   Next: 55%
Magic:  6/6        EV:  2    Int:  8    God:    Trog [***...]
Gold:   170        SH:  0    Dex: 18    Spells: 5/5 levels left

rFire   . . .        e - +4 short sword (vamp)
rCold   . . .        (no shield)
rNeg    . . .        (body armour unavailable)
rPois   +            (helmet currently unavailable)
rElec   .            s - melded +0 cloak
rCorr   .            k - melded +0 pair of gloves
SInv    .            (boots currently unavailable)
Will    .....        (no amulet)
Stlth   ++           i - +6 ring of dexterity
HPRegen 0.33/turn    (no ring)
MPRegen 0.10/turn

%: no passive effects
@: lethally poisoned (-2 -> -4), tree-form, slowed, very slow
A: stationary, stasis, torment immunity, boosted hp, AC +6, unfitting armour,
(cold-blooded)
a: Renounce Religion, Berserk, Trog's Hand


You were on level 5 of the Dungeon.
You worshipped Trog.
Trog was most pleased with you.
You were a tree.
You visited 1 branch of the dungeon, and saw 5 of its levels.

You collected 252 gold pieces.
You spent 82 gold pieces at shops.

Inventory:

Hand Weapons
 a - a +0 spear
 e - a +4 vampiric short sword (weapon)
Missiles
 f - 2 boomerangs
 l - 3 datura-tipped darts
 p - 5 atropa-tipped darts (quivered)
 q - 5 poisoned darts
Armour
 k - a +0 pair of gloves (melded)
 s - a +0 cloak (melded)
Magical Staves
 u - a staff of earth
Jewellery
 i - a +6 ring of dexterity (left branch)
Scrolls
 b - 6 scrolls of identify {unknown}
 g - 2 scrolls of noise {unknown}
 h - a scroll of blinking {unknown}
 j - 2 scrolls of amnesia {unknown}
 n - 4 scrolls of teleportation {unknown}
 t - a scroll of enchant weapon
 v - a scroll of fog {unknown}
 w - a scroll of poison {unknown}
 x - a scroll of revelation {unknown}
Potions
 c - a potion of haste {unknown}
 d - a potion of magic {unknown}
 m - a potion of curing {unknown}
 o - a potion of invisibility {unknown}
 r - a potion of lignification


   Skills:
 + Level 4.4 Fighting
 + Level 3.8 Short Blades
 + Level 3.6 Polearms
 + Level 1.3 Throwing
 + Level 4.1 Dodging
 + Level 1.2 Stealth


You had 5 spell levels left.
You didn't know any spells.
Your spell library contained the following spells:

 Spells                   Type           Power      Damage    Failure   Level
 Ensorcelled Hibernation  Hex/Ice        0%         N/A       54%         2
 Jinxbite                 Hex            0%         N/A       54%         2
 Sublimation of Blood     Necr           0%         N/A       54%         2
 Wereblood                Tmut           0%         N/A       54%         2
 Anguish                  Hex/Necr       0%         N/A       99%         4
 Summon Hydra             Summ           0%         N/A       100%        7


Dungeon Overview and Level Annotations

Branches:
Dungeon (5/15)
 Temple: D:4-7

Altars:
Elyvilon

Shops:
D:3 ?


Innate Abilities, Weirdness & Mutations

You are a tree.
Your roots penetrate the ground, keeping you stationary.
You cannot be teleported.
You are immune to unholy pain and torment.
Your maximum health is greatly increased.
Your equipment is partially melded.
((Your plain brown scales are hard. (AC +6)))
You cannot fit into any form of body armour.
((You are cold-blooded and may be slowed by cold attacks.))


Message History

You closely miss the hornet.
The hornet is heavily wounded.
The hornet stings you but does no damage.
The hornet misses you.
You closely miss the hornet.
The hornet is heavily wounded.
You feel yourself speed up. The hornet misses you.
You closely miss the hornet.
Your tail-slap misses the hornet.
The hornet is heavily wounded.
The hornet stings you!
You are poisoned.
You feel yourself slow down. The hornet barely misses you.
You hit the hornet.
The hornet is heavily wounded.
You feel yourself speed up.
You feel very sick. The hornet closely misses you.
You miss the hornet.
You tail-slap the hornet, but do no damage.
The hornet is heavily wounded.
You feel sick. The hornet stings you!
* * * LOW HITPOINT WARNING * * *
You feel yourself slow down. The hornet barely misses you.
It was a potion of lignification.
You turn into a tree.
Your +0 cloak melds into your body.
Your +0 pair of gloves melds into your body.
Your roots penetrate the ground.
You feel yourself speed up.
You feel sick. The hornet stings you.
* * * LOW HITPOINT WARNING * * *
You feel yourself slow down.
The hornet stings you but does no damage.
You hit the hornet.
You feel better.
The hornet is heavily wounded.
You feel yourself speed up.
You feel sick. The hornet stings you!
* * * LOW HITPOINT WARNING * * *
You feel yourself slow down. The hornet stings you!
You die...

########.###
####...♣.......
#.<...y.#...###
+.##.##.# #.# #
#.# # #.# #.#
#####.# #.....#
#.#####


You could see a hornet.

Vanquished Creatures
  2 black bears (D:4)
  An ogre (D:4)
  A hound (D:4)
  3 adders
  2 worms (D:2)
  2 dart slugs
  5 orcs
  7 ball pythons
  7 endoplasms
  A giant cockroach (D:3)
  4 goblins
  3 hobgoblins (D:4)
  6 jackals
  2 quokkas
  3 bats
  2 frilled lizards (D:2)
  13 kobolds
  5 rats
69 creatures vanquished.

Vanquished Creatures (collateral kills)
  An endoplasm (D:3)
1 creature vanquished.

Grand Total: 70 creatures vanquished

Notes
Turn   | Place    | Note
-------+----------+-------------------------------------------
     0 | D:1      | Curundu the Draconian Berserker began the quest for the
                  | Orb.
     0 | D:1      | Reached XP level 1. HP: 19/19 MP: 1/1
   305 | D:1      | Reached XP level 2. HP: 23/26 MP: 2/2
   866 | D:2      | Reached ** piety under Trog
   873 | D:2      | Reached XP level 3. HP: 30/33 MP: 3/3
  1842 | D:3      | Found Patauc's Magic Scroll Boutique.
  1845 | D:3      | Bought a scroll of enchant weapon for 82 gold pieces
  1971 | D:3      | Reached skill level 1 in Short Blades
  2175 | D:4      | Reached XP level 4. HP: 40/40 MP: 4/4
  2303 | D:4      | Found a white marble altar of Elyvilon.
  2313 | D:4      | Noticed a black bear
  2326 | D:4      | Killed a black bear
  2327 | D:4      | Reached XP level 5. HP: 40/46 MP: 5/5
  2380 | D:4      | Reached skill level 1 in Throwing
  2627 | D:4      | Reached skill level 1 in Stealth
  2782 | D:4      | Noticed an ogre
  2796 | D:4      | Killed an ogre
  2797 | D:4      | Reached XP level 6. HP: 52/52 MP: 6/6
  3074 | D:4      | Reached *** piety under Trog
  3359 | D:5      | Entered Level 5 of the Dungeon
  3423 | D:5      | Noticed a hornet
  3424 | D:5      | Paralysed by a hornet for 2 turns
  3436 | D:5      | Slain by a hornet

Illustrated notes

Levels and vault maps discovered:
D:1:      spicycebolla_arrival_ecumenical, layout_rooms
D:2:      layout_basic, kennysheep_boxes
D:3:      layout_rooms, serial_shops, nicolae_shop_behind_doors
D:4:      layout_basic, general_overflow_altar
D:5:      layout_loops_ring, dancing_weapons_uskayaw,
          gammafunk_temple_overflow_wave, serial_shops, shop,
          kennysheep_opposing_triangles

Skill      XL: |  1  2  3  4  5  6 |
---------------+-------------------+-----
Dodging        | 3 4 |  4.1
Short Blades   | 1 2 3 |  3.8
Fighting       | 4 |  4.4
Throwing       | 1 |  1.3
Stealth        | 1 |  1.2
Polearms       | |  3.6

Action                     |  1- 3 |  4- 6 || total
---------------------------+-------+-------++-------
  Melee: Spear             |    19 |       ||    19
         Short sword       |   133 |    97 ||   230
         Tailslap          |    22 |    14 ||    36
         Punch             |       |     3 ||     3
  Throw: Stone             |     9 |       ||     9
         Dart              |     3 |     5 ||     8
    Use: Scroll            |     2 |       ||     2
         Potion            |       |     1 ||     1
   Stab: Sleeping          |     1 |       ||     1
 Armour: Skin              |    53 |    75 ||   128
  Dodge: Dodged            |   104 |    92 ||   196

Table legend: (Time is in decaauts)
 A = Elapsed time spent in this place.
 B = Non-inter-level travel time spent in this place.
 C = Inter-level travel time spent in this place.
 D = Time resting spent in this place.
 E = Time spent auto-exploring this place.
 F = Levels seen in this place.
 G = Mean time per level.
                   A        B        C        D        E       F      G
               +--------+--------+--------+--------+--------+-----+--------+
         Total |   3425 |   3421 |      4 |     35 |      0 |   5 |  685.0 |
       Dungeon |   3425 |   3421 |      4 |     35 |      0 |   5 |  685.0 |
               +--------+--------+--------+--------+--------+-----+--------+

Top non-repeatable levels by time:
     D:4: 1203 daAuts
     D:2: 851 daAuts
     D:1: 662 daAuts
     D:3: 631 daAuts
     D:5: 76 daAuts
